 Dungeon Crawl Stone Soup version 0.29-a0-409-gd843f3a48c (webtiles) character file.

Game seed: 12123101367757999925

198 eazynow the Chopper (level 5, 0/41 HPs)
             Began as a Draconian Berserker on May 14, 2022.
             Was a Believer of Trog.
             Slain by a gnoll
             ... wielding a +1 flail of protection
              (5 damage)
             ... on level 3 of the Dungeon.
             The game lasted 00:30:25 (2321 turns).

eazynow the Chopper (Draconian Berserker)           Turns: 2321, Time: 00:30:25

Health: 0/41       AC:  5    Str: 28    XL:     5   Next: 47%
Magic:  4/4        EV: 13    Int:  9    God:    Trog [**....]
Gold:   88         SH:  0    Dex: 12    Spells: 4/4 levels left

rFire   . . .      SeeInvis .   E - +0 flail (holy)
rCold   . . .      Faith    +   (no shield)
rNeg    . . .      Spirit   .   (body armour unavailable)
rPois   .          Reflect  .   (helmet restricted)
rElec   .          Harm     .   (no cloak)
rCorr   .          Rampage  .   (no gloves)
Will    ++...                   (no boots)
Stlth   +.........              r - amulet of faith
HPRegen 1.13/turn               k - +6 ring of strength
MPRegen 0.09/turn               (no ring)

@: strong-willed, on berserk cooldown, regenerating, slowed, very slow
A: AC +5, unfitting armour, cold-blooded, agile 1, clever 1, frail 1, low MP 1,
screaming 1
a: Renounce Religion, Berserk, Trog's Hand


You were on level 3 of the Dungeon.
You worshipped Trog.
Trog was pleased with you.
You visited 1 branch of the dungeon, and saw 3 of its levels.

You collected 88 gold pieces.

Inventory:

Hand Weapons
 a - a +0 hand axe
 f - a +0 club
 g - a +0 shortbow
 h - a +0 short sword
 E - a +0 flail of holy wrath (weapon)
Missiles
 b - 8 poisoned darts (quivered)
 q - 119 stones
 u - 2 javelins
Armour
 c - a +0 leather armour
 d - a +0 robe
 t - a +2 robe of cold resistance
 x - a +0 robe
 y - a +0 ring mail
 z - a +0 leather armour
Jewellery
 k - a +6 ring of strength (left hand)
 r - an amulet of faith (around neck)
Scrolls
 i - 2 scrolls of identify
 l - 3 scrolls of vulnerability
Potions
 A - a potion of mutation


   Skills:
 + Level 4.2 Fighting
 + Level 1.6 Short Blades
 + Level 4.3 Axes
 + Level 0.3 Throwing
 + Level 3.8 Dodging
 + Level 0.2 Stealth


You had 4 spell levels left.
You didn't know any spells.
Your spell library was empty.

Dungeon Overview and Level Annotations

Branches:
Dungeon (3/15)

Altars:

Shops:
D:1 *!(


Innate Abilities, Weirdness & Mutations

Your plain brown scales are hard. (AC +5)
You cannot fit into any form of body armour.
You are cold-blooded and may be slowed by cold attacks.
You are agile. (Dex +2)
Your mind is acute. (Int +2)
You are frail. (-10% HP)
Your magical capacity is low. (-10% MP)
You occasionally shout uncontrollably at your foes.


Message History

You bludgeon the gnoll!!
You kill the gnoll!
Trog accepts your kill.
The gnoll hits you with a +1 flail of protection!
The hobgoblin barely misses you. The gnoll closely misses you.
Things that are here:
a +0 spear; a gnoll corpse You barely miss the gnoll.
You are no longer berserk.
You are exhausted.
You feel yourself slow down.
The gnoll hits you with a +1 flail of protection!
The hobgoblin barely misses you. The gnoll misses you.
You barely miss the gnoll.
The gnoll hits you with a +1 flail of protection.
The hobgoblin hits you. The gnoll closely misses you.
The gnoll barely misses you.
The gnoll hits you with a +1 flail of protection!
The hobgoblin misses you.
You hit the gnoll but do no damage. The gnoll barely misses you.
The hobgoblin hits you.
* * * LOW HITPOINT WARNING * * *
The gnoll barely misses you. The gnoll hits you with a +0 flail.
* * * LOW HITPOINT WARNING * * *
The gnoll hits you with a +1 flail of protection!
* * * LOW HITPOINT WARNING * * *
The hobgoblin misses you.
Your skin crawls.
You feel strong-willed.
The gnoll hits you with a +1 flail of protection.
* * * LOW HITPOINT WARNING * * *
The hobgoblin hits you but does no damage.
The gnoll barely misses you. The gnoll attacks as you move away!
The gnoll barely misses you. The gnoll closely misses you.
You see here a +0 whip.
The gnoll attacks as you move away! The gnoll closely misses you.
The gnoll attacks as you move away!
The gnoll hits you with a +1 flail of protection.
You die...

#. # #. .. #. ... ..
.... #. ### .....#.
..#
.......###########.#
#..ggg@......##.#
#...########.##.#
#.....
#######.##.###
#.###.
.............##### #
#.
#######...........
#. ##.#.#.##### ..
#####.#.#.##### ..
...............
##.####..........


You could see 2 gnolls and a hobgoblin.

Vanquished Creatures
  Jessica (D:3)
  10 gnolls
  An adder (D:2)
  A worm (D:2)
  4 dart slugs
  5 ball pythons
  6 endoplasms
  A giant cockroach (D:1)
  6 hobgoblins
  3 jackals
  3 kobolds
  3 quokkas
  6 bats
  A frilled lizard (D:2)
  3 goblins (D:1)
  4 rats
58 creatures vanquished.

Vanquished Creatures (others)
  4 plants (D:1)
4 creatures vanquished.

Grand Total: 62 creatures vanquished

Notes
Turn   | Place    | Note
-------+----------+-------------------------------------------
     0 | D:1      | eazynow the Draconian Berserker began the quest for the
                  | Orb.
     0 | D:1      | Reached XP level 1. HP: 19/19 MP: 1/1
    72 | D:1      | Reached XP level 2. HP: 12/26 MP: 2/2
   100 | D:1      | Found Canelula's Weapon Shop.
   236 | D:1      | Found Nenisiot's General Store.
   371 | D:1      | Reached XP level 3. HP: 32/33 MP: 3/3
   421 | D:1      | Found Bukuc's Distillery.
   767 | D:2      | Gained mutation: Your mind is acute. (Int +2) [potion of
                  | mutation]
   767 | D:2      | Gained mutation: You are agile. (Dex +2) [potion of
                  | mutation]
   767 | D:2      | Gained mutation: You have hidden genetic defects. [potion
                  | of mutation]
  1114 | D:2      | Gained mutation: You have terrible hidden genetic defects.
                  | [hidden defects]
  1134 | D:2      | Gained mutation: Your magical capacity is low. (-10% MP)
                  | [hidden defects]
  1134 | D:2      | Lost mutation: You have terrible hidden genetic defects.
                  | [hidden defects expressed]
  1503 | D:2      | Reached XP level 4. HP: 29/40 MP: 3/3
  1510 | D:2      | Gained mutation: You occasionally shout uncontrollably at
                  | your foes. [hidden defects]
  1530 | D:2      | Gained mutation: You are frail. (-10% HP) [hidden defects]
  1530 | D:2      | Lost mutation: You have hidden genetic defects. [hidden
                  | defects expressed]
  1803 | D:2      | Reached skill level 1 in Short Blades
  1836 | D:2      | Reached ** piety under Trog
  1998 | D:3      | Reached XP level 5. HP: 33/41 MP: 4/4
  2008 | D:3      | Noticed Jessica
  2174 | D:3      | Killed Jessica
  2318 | D:3      | HP: 2/41 [gnoll/+1 flail of protection (3)]
  2321 | D:3      | Slain by a gnoll

Illustrated notes

Levels and vault maps discovered:
D:1:      psy_arrival_fountain, layout_rooms, serial_shops,
          nicolae_shop_advertising_works [nicolae_subvault_shop_adworks],
          nicolae_shop_statue_plus, nicolae_shop_competitors_out_of_business,
          minmay_misc_feat_roman
D:2:      layout_rooms, nrook_mini_backslash, minmay_misc_feat_pillars,
          minmay_bisected
D:3:      layout_loops_ring, hellmonk_ecumenical_altar_run_dry, uniq_jessica

Skill      XL: |  1  2  3  4 |
---------------+-------------+-----
Dodging        | 3 |  3.8
Axes           | 4 |  4.3
Short Blades   | 1 |  1.6
Fighting       | 4 |  4.2
Throwing       | |  0.3
Stealth        | |  0.2

Action                   |  1- 3 |  4- 6 || total
-------------------------+-------+-------++-------
Melee: Hand axe          |    55 |    35 ||    90
       Tailslap          |    23 |     9 ||    32
       Short sword       |   102 |    24 ||   126
       Punch             |       |     2 ||     2
       Flail             |       |    11 ||    11
Throw: Dart              |     4 |     1 ||     5
Invok: Berserk           |       |     4 ||     4
       Trog's Hand       |       |     2 ||     2
  Use: Potion            |     7 |     1 ||     8
       Scroll            |     4 |       ||     4
 Stab: Sleeping          |     1 |       ||     1
Armor: Skin              |    62 |    18 ||    80
Dodge: Dodged            |   121 |    57 ||   178

Table legend: (Time is in decaauts)
 A = Elapsed time spent in this place.
 B = Non-inter-level travel time spent in this place.
 C = Inter-level travel time spent in this place.
 D = Time resting spent in this place.
 E = Time spent auto-exploring this place.
 F = Levels seen in this place.
 G = Mean time per level.
                   A        B        C        D        E       F      G
               +--------+--------+--------+--------+--------+-----+--------+
         Total |   2352 |   1363 |    989 |    734 |     36 |   3 |  784.0 |
       Dungeon |   2352 |   1363 |    989 |    734 |     36 |   3 |  784.0 |
               +--------+--------+--------+--------+--------+-----+--------+

Top non-repeatable levels by time:
     D:2: 1067 daAuts
     D:1: 1058 daAuts
     D:3: 226 daAuts
